 Dungeon Crawl Stone Soup version 0.28-a0-1114-g8eb0198dcf (webtiles) character file.

Game seed: 18397894693531710281

10771 Gargoyl the Fighter (level 11, -4/89 HPs)
             Began as a Gnoll Abyssal Knight on Dec 11, 2021.
             Was an Elder of Lugonu.
             Slain by a 12-headed hydra (5 damage)
             ... on level 1 of the Lair of Beasts.
             The game lasted 00:13:15 (10016 turns).

Gargoyl the Fighter (Gnoll Abyssal Knight)         Turns: 10016, Time: 00:13:16

Health: -4/89      AC: 31    Str: 20    XL:     11   Next: 67%
Magic:  16/20      EV: 17    Int:  9    God:    Lugonu [****..]
Gold:   418        SH:  5    Dex: 12    Spells: 23/23 levels left

rFire   . . .      SeeInvis .   r - +10 zealot's sword {holy, *Rage rN+ EV+3}
rCold   . . .      Faith    .   (no shield)
rNeg    + . .      Spirit   .   A - +5 chain mail "Xiresen" {Str+2}
rPois   .          Reflect  +   y - +0 helmet
rElec   .          Harm     .   x - +2 cloak
rCorr   .          Rampage  .   (no gloves)
Will    .....      Rage     20% B - +1 pair of boots
Stlth   ..........              m - amulet of reflection
HPRegen 0.24/turn               c - +4 ring of evasion
MPRegen 0.17/turn               z - ring of the Tortoise {AC+8}

@: on berserk cooldown, slowed, very slow
A: fangs 1, strong nose, distributed training
a: Renounce Religion, Depart the Abyss, Bend Space, Banish, Corrupt


You were on level 1 of the Lair of Beasts.
You worshipped Lugonu.
Lugonu was greatly pleased with you.
You visited 2 branches of the dungeon, and saw 10 of its levels.
You visited the Abyss 1 time.

You collected 508 gold pieces.
You spent 90 gold pieces at shops.

Inventory:

Hand Weapons
 a - a +2 hand axe
 r - the +10 zealot's sword (weapon) {holy, *Rage rN+ EV+3}
   (You found it on level 5 of the Dungeon)

   It has been blessed by the Shining One to cause great damage to the undead
   and demons.
   Whenever the wielder enters a berserk rage, their allies are berserked
   alongside them.
   EV:        It affects your evasion (+3).
   rN:        It protects you from negative energy.
   *Rage:     It berserks you when you make melee attacks (+20% chance).
Missiles
 i - 60 poisoned darts
 u - 4 curare-tipped darts (quivered)
 E - a throwing net
Armour
 x - a +2 cloak (worn)
 y - a +0 helmet (worn)
 A - the +5 chain mail "Xiresen" (worn) {Str+2}
   (You found it on level 9 of the Dungeon)

   Str:       It affects your strength (+2).
 B - a +1 pair of boots (worn)
Jewellery
 b - a ring of protection from cold
 c - a +4 ring of evasion (left hand)
 l - a +4 ring of evasion
 m - an amulet of reflection (around neck)
 o - a ring of positive energy
 s - a ring of protection from fire
 t - a +4 ring of evasion
 z - the ring of the Tortoise (right hand) {AC+8}
   (You found it on level 5 of the Dungeon)

   [ring of protection]

   AC:        It affects your AC (+8).
 F - a ring of see invisible
 H - a ring of poison resistance
Wands
 p - a wand of iceblast (11)
 w - a wand of charming (10)
 D - a wand of flame (5)
Scrolls
 d - a scroll of fog
 g - 3 scrolls of teleportation
Potions
 e - 3 potions of magic
 f - 5 potions of ambrosia
 h - 3 potions of brilliance
 j - 2 potions of flight
 k - 2 potions of resistance
 n - 9 potions of curing
 q - a potion of invisibility {unknown}
 v - 2 potions of heal wounds {unknown}
 C - a potion of mutation {unknown}
 G - a potion of might {unknown}


   Skills:
 + Level 9.3 Fighting
 + Level 6.5 Short Blades
 + Level 6.5 Long Blades
 + Level 8.0 Axes
 + Level 6.5 Maces & Flails
 + Level 6.5 Polearms
 + Level 6.5 Staves
 + Level 6.5 Slings
 + Level 6.5 Bows
 + Level 6.5 Crossbows
 + Level 6.5 Throwing
 + Level 8.0 Armour
 + Level 7.1 Dodging
 + Level 6.5 Stealth
 + Level 6.5 Shields
 + Level 6.5 Unarmed Combat
 + Level 6.5 Spellcasting
 + Level 5.4 Conjurations
 + Level 5.4 Hexes
 + Level 5.4 Summonings
 + Level 5.4 Necromancy
 + Level 5.4 Translocations
 + Level 5.4 Transmutations
 + Level 5.4 Fire Magic
 + Level 5.4 Ice Magic
 + Level 5.4 Air Magic
 + Level 5.4 Earth Magic
 + Level 5.4 Poison Magic
 + Level 8.6 Invocations
 + Level 6.5 Evocations


You had 23 spell levels left.
You didn't know any spells.
Your spell library contained the following spells:

 Spells                   Type           Power      Damage    Failure   Level
 Animate Skeleton         Necr           24%        N/A       19%         1
 Apportation              Tloc           24%        N/A       19%         1
 Sting                    Tmut/Pois      48%        1d5       19%         1
 Summon Small Mammal      Summ           48%        N/A       19%         1
 Poisonous Vapours        Pois/Air       24%        N/A       26%         2
 Conjure Flame            Conj/Fire      12%        6-21      47%         3
 Dazzling Flash           Conj/Hex       24%        N/A       47%         3
 Stone Arrow              Conj/Erth      24%        3d8       47%         3
 Summon Guardian Golem    Hex/Summ       12%        N/A       47%         3
 Animate Armour           Summ/Erth      24%        N/A       87%         4
 Iskenderun's Mystic Bla  Conj/Tloc      12%        2d5       87%         4
 Olgreb's Toxic Radiance  Pois           12%        N/A       87%         4
 Summon Ice Beast         Ice/Summ       12%        N/A       87%         4
 Agony                    Necr           12%        N/A       99%         5
 Silence                  Hex/Air        6%         N/A       99%         5
 Summon Forest            Summ/Tloc      6%         N/A       99%         5
 Summon Mana Viper        Hex/Summ       12%        N/A       99%         5
 Starburst                Conj/Fire      6%         6d4       100%        6
 Statue Form              Tmut/Erth      8%         N/A       100%        6
 Haunt                    Necr/Summ      6%         N/A       100%        7
 Malign Gateway           Summ/Tloc      6%         N/A       100%        7
 Lehudib's Crystal Spear  Conj/Erth      6%         10d3      100%        8
 Maxwell's Capacitive Co  Air            6%         ∞         100%        8
 Summon Horrible Things   Summ           6%         N/A       100%        8
 Chain Lightning          Conj/Air       6%         3d8       100%        9


Dungeon Overview and Level Annotations

Branches:
Dungeon (9/15)             Temple (0/1) D:6            Lair (1/6) D:8
    Orc: D:9-12

Altars:
Ashenzari
Cheibriados
Fedhas
Makhleb
Nemelex Xobeh
Vehumet
Yredelemnul
Zin
The Shining One

Shops:
D:1 :

Annotations:
D:7 1 runed translucent door


Innate Abilities, Weirdness & Mutations

You have very sharp teeth.
Your uncanny sense of smell can sniff out nearby items.
Your experience applies equally to all skills.


Message History

The 11-headed hydra closely misses you. x2
The 11-headed hydra barely misses you.
You chop one of the 11-headed hydra's heads off!
The ten-headed hydra grows two more!
You slice the 12-headed hydra!!
The 12-headed hydra is almost dead.
The 12-headed hydra bites you but does no damage. x2
You block the 12-headed hydra's attack.
The 12-headed hydra bites you but does no damage.
You block the 12-headed hydra's attack.
The 12-headed hydra bites you but does no damage.
The 12-headed hydra bites you! The 12-headed hydra closely misses you.
The 12-headed hydra completely misses you.
The 12-headed hydra bites you but does no damage.
The 12-headed hydra closely misses you. The 12-headed hydra bites you.
The 12-headed hydra bites you but does no damage.
You block the 12-headed hydra's attack.
The 12-headed hydra completely misses you.
The 12-headed hydra bites you but does no damage.
The 12-headed hydra completely misses you.
The 12-headed hydra barely misses you.
The 12-headed hydra bites you but does no damage.
The 12-headed hydra bites you!
* * * LOW HITPOINT WARNING * * *
The 12-headed hydra bites you.
* * * LOW HITPOINT WARNING * * *
The 12-headed hydra bites you but does no damage.
The 12-headed hydra bites you.
* * * LOW HITPOINT WARNING * * *
The 12-headed hydra bites you but does no damage.
Press: ? - help, Shift-Dir - straight line, f - 12-headed hydra
Aim: a 12-headed hydra (almost dead, chance to affect: 56%)
The 12-headed hydra resists with significant effort.
You block the 12-headed hydra's attack.
The 12-headed hydra completely misses you.
The 12-headed hydra bites you!
* * * LOW HITPOINT WARNING * * *
The 12-headed hydra bites you.
* * * LOW HITPOINT WARNING * * *
The 12-headed hydra bites you.
You die...

...≈≈≈≈ .
..P≈≈≈P #+.##
....≈≈≈≈
#....###...≈≈≈
##(#+.#.#..≈#
#..(.(...?..#
#$...†..D...#
+.......@...#
#...........##
##............#
#P....†......##
##....)......#
#...†.......##
#...........P#
#####..#######
###...##.###


You could see a 12-headed hydra.

Vanquished Creatures
  Harold (D:9)
  2 centaur warriors (D:8)
  2 two-headed ogres (D:8)
  Pikel (D:7)
  The ghost of whodunnit the Slasher, a novice DsGl (D:5)
  Psyche (D:9)
  The ghost of confidenceinterval the Caller, a novice GrSu (D:7)
  A polar bear (Lair:1)
  The ghost of Essalna the Gusty, an amateur DsAE (D:3)
  Prince Ribbit (D:7)
  3 blink frogs (Lair:1)
  A raiju (shapeshifter) (D:8)
  9 yaks (D:9)
  A wraith (D:9)
  A wyvern (D:9)
  A steam dragon (D:8)
  A water moccasin (D:8)
  3 ice beasts
  2 orc warriors (D:8)
  A black bear (D:6)
  The ghost of GregHouse the Chopper, an amateur HOMo (D:3)
  A necrophage (D:6)
  4 ogres
  2 centaurs (D:8)
  4 lemures (D:7)
  A kobold brigand (D:8)
  2 bullfrogs
  A scorpion (D:5)
  2 wyvern zombies
  A water moccasin skeleton (D:5)
  A water moccasin zombie (D:4)
  9 killer bees
  5 wights (D:7)
  4 howler monkeys
  2 bullfrog zombies
  3 centaur zombies
  A gnoll shaman (D:7)
  6 orc priests
  4 hounds
  2 jellies
  A bullfrog skeleton (D:5)
  An iguana (D:4)
  4 orc wizards
  2 killer bee zombies
  A howler monkey skeleton (D:4)
  7 adders
  5 gnolls (D:7)
  A shadow imp (D:5)
  5 white imps
  An ufetubus (D:7)
  An adder skeleton (D:4)
  3 worms (D:3)
  A dart slug (D:1)
  24 orcs
  6 endoplasms
  3 giant cockroaches
  7 goblins
  6 hobgoblins
  6 quokkas
  8 ball pythons
  7 bats
  4 frilled lizards
  A goblin zombie (D:7)
  10 kobolds
  4 rats
210 creatures vanquished.

Vanquished Creatures (others)
  4 plants (Lair:1)
  4 withered plants (D:3)
8 creatures vanquished.

Grand Total: 218 creatures vanquished

Notes
Turn   | Place    | Note
-------+----------+-------------------------------------------
     0 | Abyss:1  | Gargoyl the Gnoll Abyssal Knight began the quest for the
                  | Orb.
     0 | Abyss:1  | Reached XP level 1. HP: 23/23 MP: 3/3
    80 | Abyss:2  | Found a corrupted altar of Lugonu.
   146 | Abyss:2  | Noticed a ynoxinul
   147 | Abyss:2  | Noticed an iron imp
   149 | D:1      | Escaped the Abyss
   184 | D:1      | You fall into a shaft and drop 1 floor!
   190 | D:2      | Reached XP level 2. HP: 26/29 MP: 5/5
   238 | D:2      | Reached * piety under Lugonu
   722 | D:1      | Reached XP level 3. HP: 34/35 MP: 6/6
   731 | D:1      | Found Ereuf's Book Shoppe.
  1117 | D:2      | Found a glowing golden altar of the Shining One.
  1350 | D:2      | Reached skill level 1 in Short Blades
  1350 | D:2      | Reached skill level 1 in Long Blades
  1350 | D:2      | Reached skill level 1 in Maces & Flails
  1350 | D:2      | Reached skill level 1 in Polearms
  1350 | D:2      | Reached skill level 1 in Staves
  1350 | D:2      | Reached skill level 1 in Slings
  1350 | D:2      | Reached skill level 1 in Bows
  1350 | D:2      | Reached skill level 1 in Crossbows
  1350 | D:2      | Reached skill level 1 in Throwing
  1350 | D:2      | Reached skill level 1 in Stealth
  1350 | D:2      | Reached skill level 1 in Shields
  1350 | D:2      | Reached skill level 1 in Unarmed Combat
  1350 | D:2      | Reached skill level 1 in Spellcasting
  1350 | D:2      | Reached skill level 1 in Evocations
  1423 | D:2      | Got the Incunabulum of Scorching Air
  1537 | D:2      | Found a faded altar of an unknown god.
  1542 | D:2      | Reached XP level 4. HP: 41/41 MP: 7/7
  2005 | D:3      | Found a radiant altar of Vehumet.
  2128 | D:3      | Found a runed translucent gate.
  2129 | D:3      | Found a runed translucent gate.
  2129 | D:3      | Found a runed translucent gate.
  2131 | D:3      | Noticed GregHouse's ghost (amateur HOMo)
  2131 | D:3      | Noticed Essalna's ghost (amateur DsAE)
  2462 | D:3      | Reached ** piety under Lugonu
  2495 | D:3      | Found a burning altar of Makhleb.
  2499 | D:3      | Reached skill level 1 in Conjurations
  2499 | D:3      | Reached skill level 1 in Hexes
  2499 | D:3      | Reached skill level 1 in Summonings
  2499 | D:3      | Reached skill level 1 in Necromancy
  2499 | D:3      | Reached skill level 1 in Translocations
  2499 | D:3      | Reached skill level 1 in Transmutations
  2499 | D:3      | Reached skill level 1 in Fire Magic
  2499 | D:3      | Reached skill level 1 in Ice Magic
  2499 | D:3      | Reached skill level 1 in Air Magic
  2499 | D:3      | Reached skill level 1 in Earth Magic
  2499 | D:3      | Reached skill level 1 in Poison Magic
  2709 | D:3      | Killed Essalna's ghost
  2710 | D:3      | Reached skill level 5 in Invocations
  2710 | D:3      | Reached XP level 5. HP: 47/47 MP: 8/8
  2710 | D:3      | Reached XP level 6. HP: 53/53 MP: 9/9
  2733 | D:3      | Killed GregHouse's ghost
  2734 | D:3      | Reached skill level 5 in Axes
  2734 | D:3      | Reached skill level 5 in Armour
  3117 | D:4      | Reached XP level 7. HP: 48/59 MP: 10/10
  3338 | D:4      | Found Zin's Purification Station.
  3341 | D:4      | Found a glowing silver altar of Zin.
  3346 | D:4      | Bought a potion of curing for 90 gold pieces
  3360 | D:4      | Reached skill level 7 in Fighting
  4243 | D:5      | Entered Level 5 of the Dungeon
  4491 | D:5      | Reached XP level 8. HP: 47/67 MP: 12/12
  4594 | D:5      | Found a blossoming altar of Fedhas.
  5037 | D:5      | Found a transporter.
  5038 | D:5      | Found a transporter.
  5040 | D:5      | Noticed whodunnit's ghost (novice DsGl)
  5059 | D:5      | Found the ring of the Tortoise {AC+8}
  5159 | D:5      | Found the +10 zealot's sword {holy, *Rage rN+ EV+3}
  5224 | D:5      | Reached *** piety under Lugonu
  5446 | D:5      | Killed whodunnit's ghost
  5447 | D:5      | Reached XP level 9. HP: 73/73 MP: 14/14
  5843 | D:6      | Found a staircase to the Ecumenical Temple.
  5899 | D:6      | Reached skill level 5 in Dodging
  6085 | D:6      | Found a snail-covered altar of Cheibriados.
  6148 | D:6      | Found a sparkling altar of Nemelex Xobeh.
  6568 | D:7      | Noticed Prince Ribbit
  7041 | D:7      | Killed Prince Ribbit
  7042 | D:7      | Reached skill level 8 in Fighting
  7196 | D:7      | Noticed Pikel
  7228 | D:7      | Killed Pikel
  7229 | D:7      | Reached XP level 10. HP: 42/80 MP: 17/17
  7484 | D:7      | Reached skill level 5 in Short Blades
  7484 | D:7      | Reached skill level 5 in Long Blades
  7484 | D:7      | Reached skill level 5 in Maces & Flails
  7484 | D:7      | Reached skill level 5 in Polearms
  7484 | D:7      | Reached skill level 5 in Staves
  7484 | D:7      | Reached skill level 5 in Slings
  7484 | D:7      | Reached skill level 5 in Bows
  7484 | D:7      | Reached skill level 5 in Crossbows
  7484 | D:7      | Reached skill level 5 in Throwing
  7484 | D:7      | Reached skill level 5 in Stealth
  7484 | D:7      | Reached skill level 5 in Shields
  7484 | D:7      | Reached skill level 5 in Unarmed Combat
  7484 | D:7      | Reached skill level 5 in Spellcasting
  7484 | D:7      | Reached skill level 5 in Evocations
  7559 | D:7      | Found a runed translucent door.
  7562 | D:7      | Found a basalt altar of Yredelemnul.
  7775 | D:7      | Found a runed translucent door.
  7777 | D:7      | Noticed confidenceinterval's ghost (novice GrSu)
  7785 | D:7      | Killed confidenceinterval's ghost
  7916 | D:8      | Found a staircase to the Lair.
  7955 | D:8      | Noticed a two-headed ogre
  7977 | D:8      | Killed a two-headed ogre
  7977 | D:8      | Reached **** piety under Lugonu
  8069 | D:8      | Noticed a centaur warrior
  8072 | D:8      | Noticed a centaur warrior
  8077 | D:8      | Noticed a centaur warrior
  8085 | D:8      | Killed a centaur warrior
  8179 | D:8      | Killed a centaur warrior
  8599 | D:8      | Reached XP level 11. HP: 87/87 MP: 19/19
  8675 | D:8      | Found a broken altar of Ashenzari.
  8846 | D:8      | Got Qibit's Catalogue of the Escort
  8847 | D:8      | Identified the ring "Darromy" {Fly Int+3}
  8853 | D:8      | Got Sif Muna's Reference Book on Shape Shifting and
                  | Summoning
  9199 | D:9      | Noticed a two-headed ogre
  9226 | D:8      | Killed a two-headed ogre
  9227 | D:8      | Reached skill level 9 in Fighting
  9227 | D:8      | Reached skill level 5 in Conjurations
  9227 | D:8      | Reached skill level 5 in Hexes
  9227 | D:8      | Reached skill level 5 in Summonings
  9227 | D:8      | Reached skill level 5 in Necromancy
  9227 | D:8      | Reached skill level 5 in Translocations
  9227 | D:8      | Reached skill level 5 in Transmutations
  9227 | D:8      | Reached skill level 5 in Fire Magic
  9227 | D:8      | Reached skill level 5 in Ice Magic
  9227 | D:8      | Reached skill level 5 in Air Magic
  9227 | D:8      | Reached skill level 5 in Earth Magic
  9227 | D:8      | Reached skill level 5 in Poison Magic
  9439 | D:9      | Identified the +5 chain mail "Xiresen" {Str+2}
  9496 | D:9      | Noticed Harold
  9525 | D:9      | Killed Harold
  9636 | D:9      | Noticed Psyche
  9638 | D:9      | Killed Psyche
  9953 | Lair:1   | Entered Level 1 of the Lair of Beasts
 10007 | Lair:1   | Noticed an eight-headed hydra
 10016 | Lair:1   | HP: 1/89 [12-headed hydra (5)]
 10016 | Lair:1   | Slain by a 12-headed hydra

Illustrated notes

Levels and vault maps discovered:
D:1:      minmay_arrival_jagged, layout_basic, serial_shops, shop
D:2:      layout_loops_ring, nicolae_ecumenical_snake_handling, basic_altar
D:3:      layout_basic, mainiacjoe_overflow_tiny_flanked, amcnicky_altar_gilded,
          gammafunk_ghost_cemetery, interstate_on_off
D:4:      layout_layer_cave, zin_purify
D:5:      layout_rooms, old_standard_altar, gammafunk_ghost_hive
D:6:      layout_layer_cave, lemuel_coloured_pillars_altar, cheibriados_altar_1,
          minmay_temple_entry_statues_fountains
D:7:      layout_loops_cross, dk_yredelemnul_ordeal,
          ebering_ghost_reflecting_pool, uniq_pikel, uniq_prince_ribbit1
D:8:      layout_gridville, marbit_many_paths, lair_entry_dummy,
          minmay_diamond_spiral
D:9:      layout_roguey, serial_glass, glass_columns_b, glass_columns_a,
          uniq_psyche, uniq_harold
Lair:1:   layout_roguey, ebering_ghost_inner_flame,
          chequers_serial_rivers_small_a, lemuel_fruit_tree,
          serial_bayou_shore_a

Skill      XL: |  1  2  3  4  5  6  7  8  9 10 11 |
---------------+----------------------------------+-----
Short Blades   | 1 2 3 4 5 6 |  6.5
Long Blades    | 1 2 3 4 5 6 |  6.5
Maces & Flails | 1 2 3 4 5 6 |  6.5
Polearms       | 1 2 3 4 5 6 |  6.5
Staves         | 1 2 3 4 5 6 |  6.5
Slings         | 1 2 3 4 5 6 |  6.5
Bows           | 1 2 3 4 5 6 |  6.5
Crossbows      | 1 2 3 4 5 6 |  6.5
Throwing       | 1 2 3 4 5 6 |  6.5
Stealth        | 1 2 3 4 5 6 |  6.5
Shields        | 1 2 3 4 5 6 |  6.5
Unarmed Combat | 1 2 3 4 5 6 |  6.5
Spellcasting   | 1 2 3 4 5 6 |  6.5
Evocations     | 1 2 3 4 5 6 |  6.5
Conjurations   | 1 2 3 4 5 |  5.4
Hexes          | 1 2 3 4 5 |  5.4
Summonings     | 1 2 3 4 5 |  5.4
Necromancy     | 1 2 3 4 5 |  5.4
Translocations | 1 2 3 4 5 |  5.4
Transmutations | 1 2 3 4 5 |  5.4
Fire Magic     | 1 2 3 4 5 |  5.4
Ice Magic      | 1 2 3 4 5 |  5.4
Air Magic      | 1 2 3 4 5 |  5.4
Earth Magic    | 1 2 3 4 5 |  5.4
Poison Magic   | 1 2 3 4 5 |  5.4
Dodging        | 3 4 5 6 7 |  7.1
Invocations    | 5 6 7 8 |  8.6
Axes           | 5 6 7 8 |  8.0
Armour         | 5 6 7 8 |  8.0
Fighting       | 7 8 9 |  9.3

Action                   |  1- 3 |  4- 6 |  7- 9 | 10-12 || total
-------------------------+-------+-------+-------+-------++-------
Melee: Hand axe          |   103 |   118 |   207 |       ||   428
       Bite              |    13 |    10 |    28 |    17 ||    68
       Punch             |       |       |     5 |     5 ||    10
       Eudemon blade     |       |       |   109 |   215 ||   324
Throw: Dart              |       |     1 |     8 |     3 ||    12
Invok: Depart the Abyss  |     1 |       |       |       ||     1
       Banish            |       |       |       |     1 ||     1
  Use: Scroll            |     5 |     2 |     2 |     9 ||    18
       Potion            |       |     1 |       |       ||     1
Armor: Chain mail        |    45 |    68 |   148 |   113 ||   374
       Steam dragon scal |       |       |       |    16 ||    16
Dodge: Dodged            |    72 |    72 |   190 |   242 ||   576
Block: Other             |       |    29 |    99 |    75 ||   203
       Reflection        |       |       |       |     2 ||     2

Table legend: (Time is in decaauts)
 A = Elapsed time spent in this place.
 B = Non-inter-level travel time spent in this place.
 C = Inter-level travel time spent in this place.
 D = Time resting spent in this place.
 E = Time spent auto-exploring this place.
 F = Levels seen in this place.
 G = Mean time per level.
                   A        B        C        D        E       F      G
               +--------+--------+--------+--------+--------+-----+--------+
         Total |  10304 |   9993 |    311 |   1128 |   6691 |  12 |  858.7 |
       Dungeon |  10090 |   9780 |    310 |   1128 |   6572 |   9 | 1121.1 |
          Lair |     66 |     66 |      0 |      0 |     14 |   1 |   66.0 |
         Abyss |    148 |    148 |      0 |      0 |    105 |   2 |   74.0 |
               +--------+--------+--------+--------+--------+-----+--------+

Top non-repeatable levels by time:
     D:6: 1551 daAuts
     D:4: 1474 daAuts
     D:8: 1271 daAuts
     D:5: 1090 daAuts
     D:3: 1066 daAuts
     D:7: 945 daAuts
     D:2: 907 daAuts
     D:1: 899 daAuts
     D:9: 885 daAuts
 Abyss:1: 79 daAuts
 Abyss:2: 68 daAuts
  Lair:1: 66 daAuts
